Map: Cyber Forest LE

Players

SpaceMarine - Winner!

  • Race: Protoss Protoss
  • League: Diamond
  • Spawn Location: 5:00

SKillous

  • Race: Protoss Protoss
  • Spawn Location: 11:00

Event: 2019 WCS Summer

VOD

Have the link to the VOD?

Description

Time

  • Played on: July 12, 2019, 6:31 a.m.
  • Length: 7:37

All games in this series

Show
View Real Time Build Order
Export as new Build Order

SpaceMarine Protoss - Winner!

Build Orders:  

Get SALT Encoding   

  12  0:00  Probe  
  13  0:13  Probe  
  14  0:17  Pylon  
  14  0:24  Probe  
  15  0:32  Probe  
  15  0:37  Gateway  
  15  0:40  Probe  
  16  0:45  Assimilator  
  17  0:51  Probe  
  17  0:55  Assimilator  
  18  0:59  Probe  
  19  1:07  Probe  
  19  1:10  Gateway  
  19  1:17  Probe  
  20  1:24  Cybernetics Core  
  21  1:29  Probe  
  22  1:34  Pylon  
  22  1:41  Probe  
  23  1:53  Warp Gate  
  23  2:00  Stalker  
  23  2:01  Sentry  
  27  2:34  Adept x2  
  27  2:37  Nexus  
  31  2:43  Robotics Facility  
  31  2:49  Pylon  
  31  3:07  Probe  
  33  3:20  Probe, Immortal  
  33  3:21  Pylon  
  33  3:32  Probe  
  36  3:57  Stalker x2  
  38  4:07  Immortal  
  38  4:12  Probe  
  38  4:13  Probe  
  44  4:20  Stalker x2  
  48  4:26  Probe  
  48  4:27  Shield Battery  
  48  4:29  Probe  
  50  4:41  Gateway  
  50  4:44  Gateway, Warp Prism  
  51  5:12  Stalker x2  
  52  5:35  Stalker  
  53  5:45  Pylon  
  53  5:46  Pylon  
  53  5:56  Probe  
  54  6:03  Probe  
  55  6:05  Adept  
  55  6:06  Adept x3  
  55  6:26  Adept x3  
  46  6:52  Adept x3  
  46  6:53  Adept  
  50  7:13  Adept  
  50  7:14  Adept x3  
Show
View Real Time Build Order
Export as new Build Order

SKillous Protoss 

Build Orders: Oracle Opening 

Get SALT Encoding   

  12  0:00  Probe  
  13  0:12  Probe  
  14  0:17  Pylon  
  14  0:24  Probe  
  15  0:32  Probe  
  15  0:40  Probe  
  15  0:41  Gateway  
  16  0:47  Assimilator  
  17  0:51  Probe  
  17  0:55  Assimilator  
  18  0:59  Probe  
  19  1:07  Probe  
  19  1:10  Gateway  
  19  1:17  Probe  
  21  1:27  Cybernetics Core  
  21  1:29  Probe  
  22  1:35  Pylon  
  22  1:41  Probe  
  23  1:53  Probe  
  24  1:55  Warp Gate  
  24  2:04  Stalker x2  
  28  2:16  Pylon  
  28  2:34  Stalker x2  
  28  2:36  Stargate  
  31  3:01  Nexus  
  31  3:03  Probe  
  32  3:09  Oracle  
  32  3:15  Probe  
  36  3:27  Probe, Pylon  
  37  3:44  Oracle  
  37  3:46  Probe  
  41  3:50  Adept  
  41  3:53  Adept  
  43  4:00  Shield Battery  
  42  4:03  Probe  
  43  4:13  Probe  
  43  4:15  Probe  
  45  4:17  Sentry  
  45  4:23  Probe  
  47  4:26  Probe  
  47  4:28  Robotics Facility  
  49  4:31  Probe  
  49  4:38  Probe  
  51  4:42  Probe, Pylon  
  52  4:50  Probe  
  53  4:54  Probe  
  53  4:57  Forge  
  54  5:02  Probe  
  54  5:03  Assimilator  
  54  5:04  Pylon  
  54  5:06  Probe  
  56  5:12  Observer  
  56  5:14  Probe  
  56  5:18  Probe  
  56  5:20  Immortal  
  58  5:31  Shield Battery  
  58  5:32  Shield Battery  
  58  5:33  Sentry  
  58  5:34  Adept  
  63  5:45  Probe  
  64  5:50  Shield Battery  
  64  5:51  Pylon  
  64  5:54  Immortal  
  64  5:55  Sentry  
  64  5:57  Stalker  
  72  6:04  Shield Battery  
  70  6:15  Gateway  
  70  6:18  Gateway  
  68  6:20  Adept x2  
  63  6:26  Immortal  
  49  6:50  Sentry, Adept  
  34  7:16  Adept  
  34  7:17  Adept x3  
Tags
 
Add a new tag
Caveats
  • Supply blocks, unpowered buildings, or Contaminate may cause inaccurate times.
  • Supply counts are checked every 10 seconds.